 Dungeon Crawl Stone Soup version 0.31-a0-408-gb642c7f9a3 (webtiles) character file.

Game seed: 8636537648564207077

112 pokeman the Magician (level 4, -7/25 HPs)
             Began as a Deep Elf Hedge Wizard on July 29, 2023.
             Mangled by an ogre
             ... wielding a +0 giant club
              (32 damage)
             ... on level 4 of the Dungeon.
             The game lasted 00:03:20 (2870 turns).

pokeman the Magician (Deep Elf Hedge Wizard)        Turns: 2870, Time: 00:03:21

Health: -7/25      AC:  3    Str:  7    XL:     4   Next: 64%
Magic:  0/13       EV: 13    Int: 21    God:
Gold:   138        SH:  0    Dex: 14    Spells: 6/14 levels left

rFire   + . .        o - +2 whip (venom)
rCold   . . .        (no shield)
rNeg    . . .        b - +0 robe
rPois   .            c - +0 hat
rElec   .            (no cloak)
rCorr   .            f - +0 pair of gloves
SInv    .            (no boots)
Will    .....        (no amulet)
Stlth   ++           h - ring of protection from fire
HPRegen 0.24/turn    (no ring)
MPRegen 0.13/turn

%: no passive effects
@: no status effects
A: no striking features
a: no special abilities


You were on level 4 of the Dungeon.
You visited 1 branch of the dungeon, and saw 4 of its levels.

You collected 138 gold pieces.

Inventory:

Hand Weapons
 o - a +2 whip of venom (weapon)
Armour
 b - a +0 robe (worn)
 c - a +0 hat (worn)
 f - a +0 pair of gloves (worn)
Jewellery
 h - a ring of protection from fire (left hand)
Scrolls
 g - a scroll of poison {unknown}
 i - 3 scrolls of identify {unknown}
 k - a scroll of revelation {unknown}
 l - a scroll of noise {unknown}
 m - a scroll of enchant weapon {unknown}
Potions
 d - a potion of magic
 e - a potion of berserk rage {unknown}
 j - a potion of attraction {unknown}
 n - a potion of heal wounds {unknown}


   Skills:
 - Level 1.0 Fighting
 - Level 1.0 Armour
 + Level 2.9 Dodging
 + Level 2.9 Stealth
 * Level 5.8 Spellcasting
 + Level 2.3 Conjurations
 - Level 1.1 Summonings
 - Level 1.1 Translocations


You had 6 spell levels left.
You knew the following spells:

 Your Spells              Type           Power      Damage    Failure   Level
a - Magic Dart            Conj           60%        1d6       3%          1
b - Mephitic Cloud        Conj/Pois/Air  9%         N/A       22%         3
c - Call Imp              Summ           20%        N/A       10%         2
d - Blink                 Tloc           20%        N/A       10%         2

Your spell library contained the following spells:

 Spells                   Type           Power      Damage    Failure   Level
 Shock                    Conj/Air       44%        1d5       6%          1
 Slow                     Hex            24%        N/A       10%         1
 Sting                    Tmut/Pois      24%        1d4       10%         1
 Cigotuvi's Dreadful Rot  Necr/Pois/Air  12%        N/A       16%         2
 Poisonous Vapours        Pois/Air       12%        N/A       16%         2
 Call Canine Familiar     Summ           10%        N/A       19%         3
 Portal Projectile        Hex/Tloc       16%        N/A       24%         3
 Swiftness                Air            6%         N/A       30%         3
 Tukima's Dance           Hex            6%         N/A       30%         3
 Passage of Golubria      Tloc           10%        N/A       54%         4
 Airstrike                Air            3%         2d(1-17)  69%         4
 Leda's Liquefaction      Hex/Erth       3%         N/A       69%         4
 Olgreb's Toxic Radiance  Pois           6%         N/A       69%         4
 Yara's Violent Unravell  Hex/Tmut       3%         3d4       95%         5


Dungeon Overview and Level Annotations

Branches:
Dungeon (4/15)
 Temple: D:4-7

Altars:


Message History

Casting: Magic Dart (safe; 3% risk of failure)
Confirm with . or Enter, or press ? or * to list all spells.
Aiming: Magic Dart (safe; 3% risk of failure)
Press: ? - help, Shift-Dir - straight line, f/p - quokka
Aim: a quokka (moderately wounded, 100% to hit)
The magic dart hits the quokka.
You kill the quokka!
The ogre cries.
Unknown command.
Casting: Magic Dart (safe; 3% risk of failure)
Confirm with . or Enter, or press ? or * to list all spells.
Aiming: Magic Dart (safe; 3% risk of failure)
Press: ? - help, Shift-Dir - straight line, f - ogre
Aim: an ogre, wielding a +0 giant club (heavily wounded, confused, 100% to hit)
The magic dart hits the ogre.
The ogre is heavily wounded.
Unknown command.
Found a +0 flail.
The ogre gestures wildly.
Your magical contamination has completely faded away.
Things that are here:
9 gold pieces; a quokka corpse; a giant cockroach corpse The ogre seems less confused.
Things that are here:
9 gold pieces; a quokka corpse; a giant cockroach corpse
Casting: Magic Dart (safe; 3% risk of failure)
Confirm with . or Enter, or press ? or * to list all spells.
The spell is extremely dangerous to miscast (22% risk of failure)!
Continue anyway?
Aiming: Mephitic Cloud (extremely dangerous; 22% risk of failure)
Press: ? - help, Shift-Dir - straight line, f/p - ogre
Aim: an ogre, wielding a +0 giant club (heavily wounded, chance to affect: 77%)
The ball explodes into a vile cloud!
The stinking cloud engulfs the ogre but does no damage.
The ogre is heavily wounded.
The ogre is engulfed in noxious fumes.
You hit the ogre.
The ogre is heavily wounded.
The ogre hits you with a +0 giant club!!
Ouch! That really hurt!
You die...

##....#
#.....########
#............#
#.....######.#
#.#.......#
#.......#.##
###.#....☼.#
#.#####O.# #
#@.# #..# ...#
###.# .# .# ..
.#


You could see an ogre.

Vanquished Creatures
  5 adders
  A dart slug (D:1)
  2 orcs
  4 ball pythons
  8 bats
  6 endoplasms
  3 giant cockroaches
  6 hobgoblins
  3 quokkas
  7 frilled lizards
  7 goblins
  6 kobolds
  3 rats
61 creatures vanquished.

Notes
Turn   | Place    | Note
-------+----------+-------------------------------------------
     0 | D:1      | pokeman the Deep Elf Hedge Wizard began the quest for the
                  | Orb.
     0 | D:1      | Reached XP level 1. HP: 10/10 MP: 7/7
   253 | D:1      | Reached XP level 2. HP: 16/16 MP: 7/9
   666 | D:1      | Reached skill level 5 in Spellcasting
   876 | D:1      | Reached XP level 3. HP: 10/20 MP: 6/11
   880 | D:1      | Learned a level 3 spell: Mephitic Cloud
   883 | D:1      | Learned a level 2 spell: Call Imp
   886 | D:1      | Learned a level 2 spell: Blink
   959 | D:2      | Reached skill level 1 in Fighting
  1150 | D:2      | Reached skill level 1 in Armour
  1384 | D:2      | Reached XP level 4. HP: 25/25 MP: 10/13
  2456 | D:3      | Found a faded altar of an unknown god.
  2837 | D:4      | Noticed an ogre
  2870 | D:4      | Mangled by an ogre

Illustrated notes

Levels and vault maps discovered:
D:1:      dpeg_arrival_arbitrary_c, layout_rooms, chequers_decorated_corner,
          minmay_misc_feat_columns, minmay_pentomino_t2
D:2:      layout_basic, grunt_ministairs_8
D:3:      layout_basic, hellmonk_ecumenical_altar_blasted
D:4:      cheibrodos_thug_alley, layout_loops_corners, makhleb_heckhound_becter,
          minmay_temple_entry_stoned_glass, minmay_cupped, uniq_menkaure

Skill      XL: |  1  2  3 |
---------------+----------+-----
Spellcasting   | 5 |  5.8
Fighting       | 1 |  1.0
Armour         | 1 |  1.0
Conjurations   | 2 |  2.3
Dodging        | |  2.9
Stealth        | |  2.9
Summonings     | |  1.1
Translocations | |  1.1

Action                     |  1- 3 |  4- 6 || total
---------------------------+-------+-------++-------
  Melee: Dagger            |     6 |     1 ||     7
         Whip              |       |     1 ||     1
   Cast: Magic Dart        |    86 |    52 ||   138
         Mephitic Cloud    |       |     2 ||     2
   Stab: Sleeping          |       |     1 ||     1
 Armour: Robe              |     5 |       ||     5
  Dodge: Dodged            |    21 |       ||    21

Table legend: (Time is in decaauts)
 A = Elapsed time spent in this place.
 B = Non-inter-level travel time spent in this place.
 C = Inter-level travel time spent in this place.
 D = Time resting spent in this place.
 E = Time spent auto-exploring this place.
 F = Levels seen in this place.
 G = Mean time per level.
                   A        B        C        D        E       F      G
               +--------+--------+--------+--------+--------+-----+--------+
         Total |   2869 |   2755 |    114 |     37 |   2405 |   4 |  717.2 |
       Dungeon |   2869 |   2755 |    114 |     37 |   2405 |   4 |  717.2 |
               +--------+--------+--------+--------+--------+-----+--------+

Top non-repeatable levels by time:
     D:3: 972 daAuts
     D:2: 926 daAuts
     D:1: 922 daAuts
     D:4: 48 daAuts
